 Dungeon Crawl Stone Soup version 0.23-a0-650-ga4d50d4d25 (webtiles) character file.

242 Notair the Chopper (level 5, 0/46 HPs)
             Began as a Minotaur Gladiator on Jan 6, 2019.
             Slain by Pikel
             ... wielding a +0 whip of flaming
              (2 damage)
             ... on level 3 of the Dungeon.
             The game lasted 00:05:37 (2546 turns).

Notair the Chopper (Minotaur Gladiator)             Turns: 2546, Time: 00:05:38

Health: 0/46       AC: 10    Str: 19    XL:     5   Next: 82%
Magic:  4/4        EV:  8    Int:  6    God:
Gold:   157        SH:  0    Dex: 11    Spells: 4/4 levels left

rFire    . . .     SeeInvis .   a - +0 war axe
rCold    . . .     Gourm    .   (no shield)
rNeg     . . .     Faith    .   t - +0 chain mail
rPois    .         Spirit   .   c - +0 hat
rElec    .         Reflect  .   s - +0 cloak
rCorr    .         Harm     .   (no gloves)
MR       .....                  (no boots)
Stlth    ..........             (no amulet)
HPRegen  0.15/turn              (no ring)
MPRegen  0.09/turn              (no ring)

@: no status effects
A: retaliatory headbutt, horns 2
a: no special abilities


You were on level 3 of the Dungeon.
You were not hungry.

You visited 1 branch of the dungeon, and saw 4 of its levels.

You collected 157 gold pieces.

Inventory:

Hand Weapons
 a - a +0 war axe (weapon)
Missiles
 h - 115 stones (quivered)
 i - 8 sling bullets
Armour
 c - a +0 hat (worn)
 s - a +0 cloak (worn)
 t - a +0 chain mail (worn)
Scrolls
 b - a scroll of remove curse {unknown}
 j - 2 scrolls of amnesia {unknown}
 k - 7 scrolls of identify {unknown}
 q - a scroll of magic mapping {unknown}
 r - 2 scrolls of teleportation {unknown}
 v - a scroll of fog {unknown}
Potions
 e - a potion of berserk rage {unknown}
 g - a potion of haste {unknown}
 l - 2 potions of flight {unknown}
 m - a potion of lignification {unknown}
 n - a potion of magic {unknown}
 o - a potion of brilliance {unknown}
 p - 2 potions of mutation {unknown}
Comestibles
 f - 4 rations


   Skills:
 + Level 4.2 Fighting
 * Level 6.2 Axes
 - Level 2.0 Throwing
 + Level 3.2 Armour
 - Level 3.2 Dodging


You had 4 spell levels left.
You didn't know any spells.
Your spell library contained the following spells:

 Spells                   Type           Power        Failure   Level  Hunger
 Animate Skeleton         Necr           N/A          99%         1    ##.....
 Apportation              Tloc           #.....       99%         1    ##.....
 Confusing Touch          Hex            #.....       99%         1    ##.....
 Summon Small Mammal      Summ           #...         99%         1    ##.....


Dungeon Overview and Level Annotations

Branches:
Dungeon (4/15)
 Temple: D:4-7

Altars:
Hepliaklqana
Nemelex Xobeh

Annotations:
D:3 Pikel


Innate Abilities, Weirdness & Mutations

You reflexively headbutt those who attack you in melee.
You have a pair of horns on your head.


Message History

Pikel hits you with a +0 whip of flaming.
* * * LOW HITPOINT WARNING * * *
Pikel burns you.
* * * LOW HITPOINT WARNING * * *
Throwing (i - inventory. (/) - cycle)
d - 2 throwing nets (quivered)
Press: ? - help, Shift-Dir - straight line, f/p - Pikel
Aim: Pikel, wielding a +0 whip of flaming and wearing a +1 robe of positive You throw a throwing net.
The throwing net barely misses Pikel.
Pikel hits you but does no damage.
Throwing (i - inventory. (/) - cycle)
d - a throwing net (quivered)
Press: ? - help, Shift-Dir - straight line, f/p - Pikel
Aim: Pikel, wielding a +0 whip of flaming and wearing a +1 robe of positive You throw a throwing net.
The throwing net closely misses Pikel.
Pikel hits you but does no damage.
You hit Pikel but do no damage.
Pikel is almost dead.
Pikel hits you with a +0 whip of flaming.
* * * LOW HITPOINT WARNING * * *
Pikel burns you.
You die...

#### #.#.......##
...###.##.....##
....#....###..#
.........# ##.##
.........# #..#
.....##### ##.## .....#
##..####### .....#
#...K.....# ....##
#...@.....# ...##
#.........# ####
#.........#
#############.........#
......................#
#############.........#
#.........# ###########


You could see Pikel.

Vanquished Creatures
  A scorpion (D:3)
  An orc priest (D:3)
  An orc wizard (D:3)
  Terence (D:2)
  3 adders (D:3)
  2 worms (D:3)
  A leopard gecko (D:1)
  4 orcs (D:3)
  5 bats
  6 giant cockroaches
  11 hobgoblins
  4 jackals (D:1)
  2 quokkas
  A ball python (D:2)
  2 frilled lizards (D:3)
  8 goblins
  10 kobolds
  12 rats
75 creatures vanquished.

Notes
Turn   | Place    | Note
-------+----------+-------------------------------------------
     0 | D:1      | Notair the Minotaur Gladiator began the quest for the Orb.
     0 | D:1      | Reached XP level 1. HP: 18/18 MP: 0/0
    49 | D:1      | Reached skill level 4 in Axes
    73 | D:1      | Reached XP level 2. HP: 14/25 MP: 1/1
   279 | D:1      | Reached skill level 1 in Armour
   819 | D:2      | Reached XP level 3. HP: 30/30 MP: 2/2
  1057 | D:2      | Noticed Terence
  1066 | D:2      | Killed Terence
  1186 | D:2      | Reached XP level 4. HP: 38/38 MP: 3/3
  1204 | D:2      | Found a hazy altar of Hepliaklqana.
  1254 | D:3      | Reached skill level 5 in Axes
  1271 | D:3      | Reached XP level 5. HP: 7/46 MP: 4/4
  1936 | D:3      | Reached skill level 6 in Axes
  2340 | D:3      | Found a sparkling altar of Nemelex Xobeh.
  2509 | D:4      | Noticed Pikel
  2509 | D:4      | Noticed a slave
  2509 | D:4      | Noticed a slave
  2510 | D:4      | Noticed a slave
  2511 | D:4      | Noticed a slave
  2546 | D:3      | HP: 2/46 [Pikel/+0 whip of flaming (4)]
  2546 | D:3      | Slain by Pikel

Vault maps used:
D:1:      mainiacjoe_arrival_reflecting_pool
D:2:      lemuel_coloured_pillars_altar, uniq_terence
D:3:      wad_crossroads, nemelex_diamond_rough_becter
D:4:      uniq_grinder, uniq_menkaure, uniq_pikel

Skill      XL: |  1  2  3  4  5 |
---------------+----------------+-----
Axes           | 4 5 6 |  6.2
Armour         | 1 2 3 |  3.2
Fighting       | 3 4 |  4.2
Throwing       | |  2.0
Dodging        | |  3.2

Action                   |  1- 3 |  4- 6 || total
-------------------------+-------+-------++-------
Melee: War axe           |    66 |   110 ||   176
       Headbutt          |     6 |    16 ||    22
Throw: Throwing net      |       |     3 ||     3
 Stab: Held in net/web   |       |     1 ||     1
       Sleeping          |       |     1 ||     1
  Eat: Chunk             |       |     5 ||     5
Armor: Leather armour    |    22 |    11 ||    33
       Chain mail        |       |    17 ||    17
Dodge: Dodged            |    43 |    55 ||    98

Table legend:
 A = Non-vault XP
 B = Vault XP
 C = Vault XP percentage of total XP
 D = Non-vault monster count
 E = Vault monster count
 F = Vault count percentage of total count
                 A         B        C        D         E       F
            +---------+---------+-------+---------+---------+-------
      Total |     305 |      42 |  12.1 |      70 |       5 |   6.7
            +---------+---------+-------+---------+---------+-------
        D:1 |      34 |       0 |   0.0 |      20 |       0 |   0.0
        D:2 |      30 |      36 |  54.5 |      18 |       1 |   5.3
        D:3 |     241 |       6 |   2.4 |      32 |       4 |  11.1
            +---------+---------+-------+---------+---------+-------
